 Dungeon Crawl Stone Soup version 0.24.1-8-ga250c9d538 (webtiles) character file.

Game seed: 5667298947548027976, levelgen mode: deterministic

105 Hugehornet the Cudgeler (level 4, -2/28 HPs)
             Began as a Gargoyle Fighter on May 1, 2020.
             Killed from afar by an orc wizard (6 damage)
             ... with a magic dart
             ... on level 3 of the Dungeon.
             The game lasted 00:04:03 (1609 turns).

Hugehornet the Cudgeler (Gargoyle Fighter)          Turns: 1609, Time: 00:04:03

Health: -2/28      AC: 10    Str: 20    XL:     4   Next: 81%
Magic:  4/4        EV:  5    Int:  9    God:
Gold:   37         SH: 15    Dex:  9    Spells: 3/3 levels left

rFire    . . .     SeeInvis .   a - +0 flail
rCold    . . .     Gourm    .   p - +2 large shield
rNeg     + . .     Faith    .   b - +0 scale mail
rPois    ∞         Spirit   .   (no helmet)
rElec    +         Reflect  .   (no cloak)
rCorr    .         Harm     .   (no gloves)
MR       .....                  (no boots)
Stlth    ..........             (no amulet)
HPRegen  0.09/turn              (no ring)
MPRegen  0.09/turn              (no ring)

@: slowed, very slow
A: negative energy resistance 1, electricity resistance, unbreathing,
petrification resistance, rot immunity, AC +3
a: no special abilities


You were on level 3 of the Dungeon.
You were hungry.

You visited 1 branch of the dungeon, and saw 3 of its levels.

You collected 37 gold pieces.

Inventory:

Hand Weapons
 a - a +0 flail (weapon)
Armour
 b - a +0 scale mail (worn)
 c - a +0 shield
 p - a +2 large shield (worn)
Wands
 k - a wand of digging (5)
 r - a wand of iceblast (7)
Scrolls
 g - a scroll of magic mapping {unknown}
 i - a scroll of fear {unknown}
 l - a scroll of identify {unknown}
 m - a scroll of teleportation {unknown}
Potions
 d - a potion of might
 e - 2 potions of heal wounds {unknown}
 h - a potion of berserk rage {unknown}
 j - a potion of lignification {unknown}
 n - a potion of flight {unknown}
 o - a potion of resistance {unknown}
 q - a potion of brilliance {unknown}
Comestibles
 f - 3 rations


   Skills:
 - Level 3.2 Fighting
 + Level 4.8 Maces & Flails
 - Level 3.2 Armour
 - Level 3.2 Shields


You had 3 spell levels left.
You didn't know any spells.
Your spell library was empty.

Dungeon Overview and Level Annotations

Branches:
Dungeon (3/15)

Altars:
Ru


Innate Abilities, Weirdness & Mutations

You are resistant to torment.
Your stone body is resilient. (AC +3)
You are immune to poison.
You resist negative energy. (rN+)
You are resistant to electric shocks. (rElec)
You can survive without breathing.
You are immune to petrification.
You are immune to rotting.


Message History

The magic dart hits you!
* * * LOW HITPOINT WARNING * * *
The orc wizard casts a spell at you.
The magic dart hits you but does no damage.
You closely miss the orc wizard.
The orc wizard is almost dead.
The orc wizard gestures at you while chanting.
The magic dart hits you but does no damage.
The orc wizard hits you but does no damage.
You block the orc wizard's attack.
You closely miss the orc wizard.
The orc wizard is almost dead.
The orc wizard hits you but does no damage.
The orc wizard hits you with a +0 dagger.
* * * LOW HITPOINT WARNING * * *
The orc wizard mumbles some strange words.
The orc wizard blinks!
The orc wizard points at you and mumbles some strange words.
The magic dart hits you.
You die...

#.# #.# #.# #.# #.# #.#
#################.###.###
...............o@........
####.############§....###
#.# ...#### #.# ...##
####.# ...## ..##.# #...
..##.# +... ..##.# #...
..##.#


You could see an orc wizard.

Vanquished Creatures
  Jessica (D:2)
  An orc wizard (D:3)
  An adder (D:2)
  A worm (D:3)
  A dart slug (D:1)
  2 leopard geckos
  3 orcs (D:3)
  4 goblins
  4 hobgoblins
  A ball python (D:2)
  7 bats
  4 kobolds
  7 rats
37 creatures vanquished.

Notes
Turn   | Place    | Note
-------+----------+-------------------------------------------
     0 | D:1      | Hugehornet the Gargoyle Fighter began the quest for the
                  | Orb.
     0 | D:1      | Reached XP level 1. HP: 14/14 MP: 1/1
   131 | D:1      | Reached XP level 2. HP: 19/19 MP: 2/2
   294 | D:1      | You fall into a shaft and drop 1 floor!
   431 | D:2      | Noticed Jessica
   437 | D:2      | Reached skill level 3 in Maces & Flails
   442 | D:2      | Killed Jessica
   442 | D:2      | Reached XP level 3. HP: 13/23 MP: 3/3
   869 | D:2      | Reached skill level 4 in Maces & Flails
   943 | D:2      | Reached XP level 4. HP: 21/28 MP: 4/4
  1152 | D:2      | Found a sacrificial altar of Ru.
  1609 | D:3      | Killed from afar by an orc wizard

Levels and vault maps discovered:
D:1:      wander_arrival_fairy_ring, layout_loops_cross
D:2:      layout_loops_cross, nicolae_ru_path_of_blood, uniq_jessica
D:3:      kennysheep_six_static_rooms, layout_basic,
          nicolae_overflow_hidden_temple

Skill      XL: |  1  2  3 |
---------------+----------+-----
Maces & Flails | 3 4 |  4.8
Fighting       | |  3.2
Armour         | |  3.2
Shields        | |  3.2

Action                   |  1- 3 |  4- 6 || total
-------------------------+-------+-------++-------
Melee: Flail             |   105 |    55 ||   160
  Eat: Chunk             |       |     2 ||     2
Armor: Scale mail        |    71 |    30 ||   101
Dodge: Dodged            |    43 |     7 ||    50
Block: Shield            |    77 |     5 ||    82
       Large shield      |       |    35 ||    35
